Map: Rorschach LE

Players

Altik - Winner!

  • Race: Protoss Protoss
  • League: Diamond

Raven

  • Race: Protoss Protoss
  • League: Diamond

VOD

Have the link to the VOD?

Description

Time

  • Played on: Aug. 4, 2026, 3:25 p.m.
  • Length: 15:20
Show
View Real Time Build Order
Export as new Build Order

Altik Protoss - Winner!

Build Orders:  

Get SALT Encoding   

  8  0:00  Probe (Chrono Boost)  
  9  0:12  Probe (Chrono Boost)  
  10  0:19  Probe (Chrono Boost)  
  11  0:27  Probe  
  12  0:35  Pylon  
  12  0:39  Probe  
  13  0:53  Probe (Chrono Boost)  
  13  0:55  Gateway  
  14  1:06  Probe (Chrono Boost)  
  15  1:12  Assimilator  
  15  1:13  Probe (Chrono Boost)  
  16  1:20  Probe  
  17  1:32  Probe  
  18  1:44  Cybernetics Core, Probe  
  19  1:51  Pylon  
  19  1:56  Probe  
  20  2:06  Gateway  
  20  2:19  Warp Gate (Chrono Boost)  
  20  2:20  Stalker  
  22  2:35  Nexus  
  22  2:47  Stalker  
  24  2:59  Stalker  
  26  3:06  Probe  
  26  3:11  Pylon  
  27  3:22  Pylon  
  25  3:42  Probe  
  25  3:46  Assimilator  
  26  3:53  Probe  
  31  3:59  Twilight Council  
  31  4:01  Gateway  
  31  4:02  Zealot  
  31  4:03  Zealot  
  31  4:06  Probe  
  32  4:13  Pylon  
  32  4:15  Probe  
  33  4:21  Probe  
  34  4:25  Stalker  
  34  4:28  Probe  
  37  4:32  Forge  
  37  4:36  Probe  
  38  4:44  Shield Battery  
  38  4:45  Charge (Chrono Boost), Probe  
  39  4:48  Probe  
  40  4:57  Probe  
  40  4:58  Phoenix  
  41  5:00  Probe  
  41  5:01  Protoss Ground Weapons Level 1 (Chrono Boost)  
  41  5:03  Sentry  
  41  5:04  Zealot  
  41  5:05  Zealot  
  48  5:09  Probe  
  48  5:12  Probe  
  50  5:20  Pylon  
  50  5:21  Probe  
  50  5:28  Probe  
  52  5:31  Zealot  
  52  5:32  Pylon  
  52  5:34  Stalker  
  56  5:39  Zealot  
  56  5:40  Probe  
  59  5:48  Probe  
  60  5:55  Zealot  
  60  5:56  Zealot x2  
  66  5:57  Probe  
  66  6:00  Probe  
  68  6:12  Zealot x3  
  74  6:26  Nexus  
  74  6:34  Pylon  
  74  6:36  Pylon  
  74  6:39  Pylon  
  74  6:40  Gateway  
  62  7:03  Zealot x3  
  56  7:17  Zealot  
  56  7:18  Zealot x2  
  56  7:20  Probe  
  56  7:21  Probe  
  62  7:27  Robotics Facility  
  62  7:28  Zealot  
  62  7:29  Protoss Ground Armor Level 1 (Chrono Boost)  
  64  7:34  Gateway  
  64  7:35  Gateway  
  64  7:43  Zealot  
  64  7:44  Zealot x3  
  70  7:47  Phoenix  
  70  7:49  Probe x2  
  74  7:53  Probe  
  74  7:57  Zealot  
  77  8:01  Probe x2  
  77  8:03  Forge  
  79  8:05  Probe  
  79  8:07  Zealot x2  
  79  8:08  Zealot  
  86  8:13  Probe x2  
  86  8:16  Zealot  
  86  8:17  Probe  
  91  8:20  Templar Archives  
  91  8:21  Zealot  
  91  8:24  Zealot  
  91  8:25  Zealot, Probe x2  
  99  8:30  Probe, Zealot  
  102  8:37  Probe x2  
  104  8:45  Zealot x3, Protoss Ground Weapons Level 2 (Chrono Boost)  
  110  8:51  Gateway x2  
  110  8:56  Probe  
  110  9:01  Pylon  
  111  9:04  Pylon  
  111  9:09  Assimilator  
  111  9:12  Assimilator  
  111  9:13  Pylon x2  
  111  9:14  Protoss Ground Armor Level 2 (Chrono Boost)  
  111  9:19  High Templar x3, Probe x2  
  111  9:22  High Templar, Probe  
  122  9:27  Observer  
  123  9:32  Probe x2  
  123  9:34  Probe  
  123  9:36  Zealot x2  
  130  9:39  Zealot  
  130  9:42  Assimilator  
  130  9:44  Probe x2  
  130  9:45  Assimilator  
  134  9:48  Zealot x2  
  134  9:49  Zealot  
  138  9:59  Zealot x2  
  142  10:05  Pylon, Nexus  
  142  10:07  Pylon x2  
  142  10:09  Pylon  
  142  10:12  Archon x2  
  142  10:23  Zealot x2  
  142  10:26  Zealot x2  
  142  10:27  Zealot x3  
  142  10:28  Zealot  
  158  10:39  Shield Battery  
  158  10:40  Photon Cannon, High Templar  
  158  10:41  High Templar x3  
  158  10:42  Zealot x2  
  170  10:47  Pylon x2  
  170  10:50  Robotics Bay  
  137  11:17  Zealot x6  
  125  11:38  Zealot x5  
  125  11:39  Zealot x3  
  133  11:42  Protoss Ground Armor Level 3 (Chrono Boost)  
  133  11:44  Archon  
  133  11:45  Archon  
  129  11:49  Protoss Ground Weapons Level 3 (Chrono Boost)  
  129  11:50  Colossus  
  129  11:51  Extended Thermal Lance  
  129  11:52  Probe x2  
  129  11:53  Zealot x5  
  129  11:54  Zealot  
  149  12:05  High Templar x2, Assimilator  
  153  12:10  Assimilator  
  153  12:11  High Templar x2  
  153  12:13  Gateway  
  153  12:14  Gateway  
  157  12:21  Photon Cannon  
  157  12:29  Zealot  
  161  12:30  Zealot x5  
  161  12:33  High Templar x2  
  173  12:43  Colossus  
  171  12:56  Zealot x7  
  171  12:57  Zealot  
  175  13:01  Zealot  
  171  13:09  Zealot  
  163  13:12  Zealot  
  163  13:13  Zealot x6  
  151  13:48  Zealot x5  
  147  13:49  Zealot x2, High Templar x2  
  147  13:50  Colossus  
  147  13:52  Archon  
  147  13:53  Archon  
  161  14:00  Nexus  
  161  14:01  Pylon  
  161  14:05  Robotics Facility  
  161  14:13  Pylon  
  161  14:16  Zealot  
  161  14:17  Zealot x4  
  165  14:18  High Templar x2, Zealot  
  165  14:19  Zealot x2  
  181  14:24  Archon  
  181  14:25  Archon  
  181  14:32  Zealot x4  
  189  14:44  Probe x2  
  189  14:45  Probe  
  198  14:46  Zealot  
  180  15:01  Zealot x4  
  180  15:02  Zealot x3  
Show
View Real Time Build Order
Export as new Build Order

Raven Protoss 

Build Orders: Archon Immortal 

Get SALT Encoding   

  8  0:00  Probe  
  9  0:12  Probe  
  10  0:24  Probe  
  11  0:32  Pylon  
  11  0:36  Probe (Chrono Boost)  
  12  0:48  Probe (Chrono Boost)  
  13  0:52  Probe (Chrono Boost)  
  14  1:03  Probe  
  15  1:15  Probe  
  16  1:23  Nexus  
  16  1:27  Probe  
  17  1:39  Gateway  
  17  1:43  Assimilator  
  17  1:45  Probe  
  18  1:57  Probe  
  19  2:09  Probe  
  19  2:14  Assimilator  
  20  2:19  Gateway  
  20  2:21  Probe  
  20  2:22  Pylon  
  21  2:27  Cybernetics Core  
  21  2:35  Probe  
  22  2:41  Pylon  
  22  2:57  Probe x2  
  24  3:03  Stalker (Chrono Boost)  
  26  3:06  Stalker (Chrono Boost)  
  26  3:08  Warp Gate  
  28  3:12  Pylon  
  28  3:21  Stalker (Chrono Boost)  
  29  3:38  Stalker  
  31  3:50  Probe x2  
  33  3:56  Shield Battery  
  33  3:59  Shield Battery  
  33  4:02  Probe x2  
  35  4:07  Pylon  
  35  4:09  Robotics Facility  
  35  4:14  Stalker, Probe x2  
  39  4:18  Stalker  
  41  4:26  Probe x2  
  43  4:39  Probe  
  43  4:40  Probe  
  47  4:51  Probe  
  47  4:52  Probe  
  51  4:53  Twilight Council  
  51  4:54  Stalker  
  51  4:58  Assimilator  
  51  4:59  Stalker  
  51  5:00  Assimilator  
  51  5:10  Immortal  
  51  5:13  Probe x2  
  57  5:23  Pylon  
  57  5:26  Charge (Chrono Boost), Pylon  
  57  5:36  Probe  
  57  5:41  Zealot x2, Probe  
  63  5:48  Observer  
  64  6:03  Zealot x2  
  68  6:04  Probe x2  
  68  6:10  Nexus  
  70  6:12  Pylon  
  70  6:15  Pylon  
  70  6:16  Probe x2, Zealot  
  74  6:19  Assimilator  
  74  6:22  Pylon  
  74  6:23  Assimilator  
  74  6:29  Pylon  
  74  6:30  Zealot, Probe x2  
  78  6:33  Zealot  
  78  6:35  Observer  
  81  6:46  Zealot x2 (Chrono Boost)  
  85  7:00  Zealot x2 (Chrono Boost)  
  77  7:07  Zealot (Chrono Boost)  
  73  7:18  Probe x2  
  73  7:22  Pylon  
  75  7:23  Pylon, Shield Battery  
  75  7:25  Shield Battery  
  75  7:29  Zealot x2  
  79  7:30  Immortal  
  79  7:31  Probe x2  
  79  7:32  Probe  
  80  7:45  Zealot x2  
  80  7:50  Probe  
  80  7:51  Probe x2  
  81  7:52  Blink  
  81  7:57  Templar Archives  
  81  7:58  Zealot  
  81  7:59  Zealot  
  81  8:03  Forge  
  85  8:05  Forge  
  85  8:06  Probe x3  
  85  8:12  Zealot x2  
  92  8:16  Immortal  
  96  8:20  Probe x2  
  96  8:21  Probe  
  99  8:28  Stalker x2  
  99  8:31  Protoss Ground Weapons Level 1 (Chrono Boost)  
  99  8:32  Protoss Ground Armor Level 1 (Chrono Boost)  
  103  8:41  High Templar x2  
  107  8:57  Photon Cannon  
  107  9:00  Immortal  
  107  9:01  High Templar x2  
  115  9:04  Archon  
  115  9:11  Probe  
  115  9:12  Probe x2, Photon Cannon  
  115  9:14  Photon Cannon  
  115  9:16  Photon Cannon  
  118  9:18  Photon Cannon  
  118  9:20  Photon Cannon  
  118  9:21  High Templar x2  
  118  9:23  Probe  
  118  9:24  Probe x2, Archon  
  125  9:39  Observer, Nexus  
  125  9:43  Pylon, Zealot  
  127  9:53  Archon  
  127  9:58  Pylon  
  127  10:01  Zealot  
  127  10:03  Probe x2  
  127  10:04  Probe  
  132  10:08  Zealot  
  134  10:15  Pylon  
  134  10:16  Pylon  
  134  10:17  Immortal  
  138  10:35  Protoss Ground Weapons Level 2 (Chrono Boost), High Templar x2, Protoss Ground Armor Level 2 (Chrono Boost)  
  142  10:37  Pylon  
  142  10:38  Pylon  
  142  10:40  Pylon  
  142  10:42  Photon Cannon x2  
  142  10:44  Photon Cannon  
  142  10:45  Photon Cannon  
  142  10:47  Shield Battery x2  
  142  10:49  Probe, Assimilator  
  144  10:50  Probe x2  
  144  10:51  Assimilator, Probe  
  144  10:55  High Templar x2  
  149  10:59  Archon  
  109  11:15  Zealot x2  
  98  11:24  Archon  
  94  11:28  High Templar x2  
  85  11:42  Probe x3  
  85  11:43  Probe  
  89  11:48  Zealot  
  89  11:49  Zealot  
  93  11:54  Archon, Probe x2, Gateway  
  93  11:55  Probe x2, Gateway  
  93  11:57  Pylon  
  97  12:01  Gateway  
  97  12:02  Pylon, Zealot (Chrono Boost)  
  97  12:04  Pylon, Immortal (Chrono Boost)  
  97  12:05  Gateway  
  97  12:06  Pylon, Stalker (Chrono Boost), Probe x2  
  97  12:07  Probe x2  
  109  12:15  Stalker (Chrono Boost), Pylon  
  113  12:16  Stalker (Chrono Boost)  
  113  12:20  Stalker (Chrono Boost)  
  113  12:22  Shield Battery x2  
  115  12:23  High Templar, Photon Cannon  
  115  12:24  Photon Cannon  
  115  12:25  Probe x2  
  115  12:26  Photon Cannon, Probe x2  
  115  12:28  Photon Cannon  
  115  12:29  Photon Cannon  
  121  12:31  Photon Cannon  
  121  12:32  High Templar  
  123  12:40  Immortal (Chrono Boost)  
  127  12:48  Zealot x2  
  127  12:49  Zealot x2  
  116  12:59  Archon  
  116  13:03  High Templar x3, Zealot  
  104  13:12  Immortal  
  96  13:23  Zealot x5  
  96  13:25  Zealot  
  95  13:37  Archon  
  83  13:50  Probe x4  
  83  13:51  Immortal  
  91  13:55  High Templar  
  91  13:56  High Templar x2  
  91  13:57  Zealot x3  
  103  14:07  Pylon  
  103  14:09  Pylon  
  103  14:10  Zealot x3  
  103  14:11  Probe x4, Pylon  
  103  14:15  Zealot  
  103  14:16  Zealot x2  
  119  14:21  Archon  
  119  14:27  Archon  
  119  14:28  Shield Battery  
  119  14:30  Shield Battery  
  119  14:31  Probe x3  
  121  14:33  Shield Battery  
  121  14:34  High Templar x2  
  121  14:35  High Templar, Shield Battery  
  121  14:36  High Templar  
  130  14:50  Photon Cannon  
  130  14:51  Photon Cannon  
  96  15:02  Archon  
  96  15:06  Archon  
Tags
 
Add a new tag
Caveats
  • Supply blocks, unpowered buildings, or Contaminate may cause inaccurate times.
  • Supply counts are checked every 10 seconds.